 Dungeon Crawl Stone Soup version 0.31-a0-196-g86fe4a5e66 (webtiles) character file.

Game seed: 15776334582362243874

46 bobo the Magician (level 3, 0/20 HPs)
             Began as a Deep Elf Hedge Wizard on June 24, 2023.
             Slain by an adder (1 damage)
             ... on level 2 of the Dungeon.
             The game lasted 00:02:54 (1177 turns).

bobo the Magician (Deep Elf Hedge Wizard)           Turns: 1177, Time: 00:02:54

Health: 0/20       AC:  2    Str:  7    XL:     3   Next: 46%
Magic:  0/11       EV: 12    Int: 20    God:
Gold:   64         SH:  0    Dex: 14    Spells: 7/12 levels left

rFire   + . .        a - +0 dagger
rCold   + . .        (no shield)
rNeg    . . .        b - +0 robe
rPois   +            c - +0 hat
rElec   +            (no cloak)
rCorr   +            (no gloves)
SInv    .            (no boots)
Will    .....        (no amulet)
Stlth   ++           (no ring)
HPRegen 0.23/turn    (no ring)
MPRegen 0.12/turn

%: no passive effects
@: lethally poisoned (0 -> -2), resistant
A: no striking features
a: no special abilities


You were on level 2 of the Dungeon.
You visited 1 branch of the dungeon, and saw 2 of its levels.

You collected 64 gold pieces.

Inventory:

Hand Weapons
 a - a +0 dagger (weapon)
Armour
 b - a +0 robe (worn)
 c - a +0 hat (worn)
Scrolls
 e - 2 scrolls of teleportation
 g - 2 scrolls of identify
Potions
 d - a potion of magic
 h - a potion of curing {unknown}
 i - a potion of mutation {unknown}


   Skills:
 + Level 1.1 Fighting
 - Level 2.4 Dodging
 - Level 2.4 Stealth
 + Level 5.0 Spellcasting
 + Level 2.0 Conjurations
 + Level 1.6 Summonings
 + Level 1.5 Translocations


You had 7 spell levels left.
You knew the following spells:

 Your Spells              Type           Power      Damage    Failure   Level
a - Magic Dart            Conj           52%        1d5       4%          1
i - Call Imp              Summ           22%        N/A       9%          2
Z - Blink                 Tloc           22%        N/A       10%         2

Your spell library contained the following spells:

 Spells                   Type           Power      Damage    Failure   Level
 Slow                     Hex            20%        N/A       12%         1
 Cigotuvi's Dreadful Rot  Necr/Pois/Air  10%        N/A       17%         2
 Poisonous Vapours        Pois/Air       10%        N/A       17%         2
 Mephitic Cloud           Conj/Pois/Air  7%         N/A       26%         3
 Freezing Cloud           Conj/Ice/Air   3%         6-21      94%         5


Dungeon Overview and Level Annotations

Branches:
Dungeon (2/15)

Altars:


Message History

You miss the adder.
The adder is severely wounded.
The adder bites you.
You are poisoned.
The adder poisons you! The adder misses you.
Casting: Blink (safe; 10% risk of failure)
Confirm with . or Enter, or press ? or * to list all spells.
Aiming: Magic Dart (safe; 4% risk of failure)
Press: ? - help, Shift-Dir - straight line, f - adder
Aim: an adder (severely wounded, 100% to hit)
The magic dart hits the adder.
The adder is severely wounded.
You feel sick. The adder closely misses you.
You miss the adder.
The adder is severely wounded.
You feel sick. The adder barely misses you.
You hit the adder.
The adder is almost dead.
You feel sick. The adder closely misses you. The adder bites you.
You hit the adder but do no damage.
The adder is almost dead.
You feel sick. The adder bites you.
You are more poisoned.
The adder poisons you!
Casting: Magic Dart (safe; 4% risk of failure)
Confirm with . or Enter, or press ? or * to list all spells.
Aiming: Magic Dart (safe; 4% risk of failure)
Press: ? - help, Shift-Dir - straight line, f/p - adder
Aim: an adder (almost dead, 100% to hit)
The magic dart hits the adder but does no damage.
The adder is almost dead.
* * * LOW HITPOINT WARNING * * *
You feel sick. The adder bites you.
* * * LOW HITPOINT WARNING * * *
Okay, then.
It was a potion of resistance.
You feel protected.
* * * LOW HITPOINT WARNING * * *
You feel sick. The adder bites you.
You die...

## .. #. # #
######.# #.#
....##.###?#######
#..............##.
#@S.....†........#
##.#..†..##..#.##.
#....######..# #
.......# ##..#.#
###....#####...#.#
##.....^.......#
##.######...####
#.# #.........# #.
#.........#


You could see an adder.

Vanquished Creatures
  3 adders (D:2)
  2 dart slugs (D:1)
  2 bats (D:1)
  An endoplasm (D:1)
  A giant cockroach (D:1)
  3 goblins
  A kobold (D:2)
  A ball python (D:1)
  A frilled lizard (D:2)
  A rat (D:1)
16 creatures vanquished.

Notes
Turn   | Place    | Note
-------+----------+-------------------------------------------
     0 | D:1      | bobo the Deep Elf Hedge Wizard began the quest for the Orb.
     0 | D:1      | Reached XP level 1. HP: 10/10 MP: 7/7
   513 | D:1      | Reached XP level 2. HP: 16/16 MP: 6/9
   516 | D:1      | Learned a level 2 spell: Call Imp
   519 | D:1      | Learned a level 2 spell: Blink
  1124 | D:2      | Reached skill level 1 in Fighting
  1124 | D:2      | Reached XP level 3. HP: 20/20 MP: 8/11
  1163 | D:2      | Reached skill level 5 in Spellcasting
  1177 | D:2      | HP: 1/20 [poisoned by an adder]
  1177 | D:2      | Slain by an adder

Illustrated notes

Levels and vault maps discovered:
D:1:      lightli_iron_boxes, layout_basic, st_stairs_5
D:2:      layout_loops_ring, ebering_ecumenical_altar_rust

Skill      XL: |  1  2  3 |
---------------+----------+-----
Fighting       | 1 |  1.1
Conjurations   | 2 |  2.0
Spellcasting   | 5 |  5.0
Dodging        | |  2.4
Stealth        | |  2.4
Summonings     | |  1.6
Translocations | |  1.5

Action                     || total
---------------------------++-------
  Melee: Dagger            ||    18
   Cast: Magic Dart        ||    42
         Call Imp          ||     4
         Blink             ||     2
    Use: Scroll            ||     1
         Potion            ||     1
 Armour: Robe              ||     4
  Dodge: Dodged            ||    16

Table legend: (Time is in decaauts)
 A = Elapsed time spent in this place.
 B = Non-inter-level travel time spent in this place.
 C = Inter-level travel time spent in this place.
 D = Time resting spent in this place.
 E = Time spent auto-exploring this place.
 F = Levels seen in this place.
 G = Mean time per level.
                   A        B        C        D        E       F      G
               +--------+--------+--------+--------+--------+-----+--------+
         Total |   1176 |   1165 |     11 |      0 |   1038 |   2 |  588.0 |
       Dungeon |   1176 |   1165 |     11 |      0 |   1038 |   2 |  588.0 |
               +--------+--------+--------+--------+--------+-----+--------+

Top non-repeatable levels by time:
     D:1: 992 daAuts
     D:2: 184 daAuts
